 Dungeon Crawl Stone Soup version 0.23.2 (webtiles) character file.

Game seed: 16806455902857150767

18 xccam the Shooter (level 2, 0/24 HPs)
             Began as a Centaur Hunter on Apr 5, 2019.
             Succumbed to an adder's poison
             ... on level 2 of the Dungeon.
             The game lasted 00:01:25 (720 turns).

xccam the Shooter (Centaur Hunter)                   Turns: 720, Time: 00:01:25

Health: 0/24       AC:  4    Str: 16    XL:     2   Next: 48%
Magic:  2/2        EV:  9    Int: 10    God:
Gold:   51         SH:  0    Dex:  9    Spells: 1/1 levels left

rFire    . . .     SeeInvis .   b - +0 short sword
rCold    . . .     Gourm    .   (no shield)
rNeg     . . .     Faith    .   c - +0 leather armour
rPois    .         Spirit   .   (no helmet)
rElec    .         Reflect  .   (no cloak)
rCorr    +         Harm     .   (no gloves)
MR       .....     Rnd*Tele +   (no barding)
Stlth    +.........             (no amulet)
HPRegen  0.08/turn              j - ring of resist corrosion
MPRegen  0.08/turn              (no ring)

@: lethally poisoned (0 -> -13), very quick
A: large, hooves 3, deformed body, speed 2, strong 1, teleportitis 1, tough skin
3
a: no special abilities


You were on level 2 of the Dungeon.
You were not hungry.

You visited 1 branch of the dungeon, and saw 2 of its levels.

You collected 51 gold pieces.

Inventory:

Hand Weapons
 a - a +1 shortbow
 b - a +0 short sword (weapon)
Missiles
 d - 18 arrows
Armour
 c - a +0 leather armour (worn)
Jewellery
 j - a ring of resist corrosion (left hand)
Scrolls
 g - 2 scrolls of identify {unknown}
 h - 2 scrolls of amnesia {unknown}
 i - a scroll of noise {unknown}
 k - 2 scrolls of teleportation {unknown}
 m - a scroll of immolation {unknown}
 o - a scroll of blinking {unknown}
 p - a scroll of remove curse {unknown}
Potions
 l - a potion of curing {unknown}
 n - a potion of might {unknown}
Comestibles
 f - a ration


   Skills:
 - Level 2.0 Fighting
 + Level 6.3 Bows
 - Level 1.3 Dodging
 - Level 0.4 Stealth


You had one spell level left.
You didn't know any spells.
Your spell library was empty.

Dungeon Overview and Level Annotations

Branches:
Dungeon (2/15)

Altars:


Innate Abilities, Weirdness & Mutations

You have hooves in place of feet.
Armour fits poorly on your strangely shaped body.
You cover ground very quickly.
You have extremely tough skin. (AC +3)
Your muscles are strong. (Str +2)
You are occasionally teleported next to monsters.


Message History

You are too injured to fight recklessly!
You are too injured to fight recklessly!
You miss the adder.
The adder is heavily wounded.
You feel sick. The adder bites you but does no damage.
You miss the adder. Your kick misses the adder.
The adder is heavily wounded.
You feel sick. The adder bites you.
* * * LOW HITPOINT WARNING * * *
The adder bites you.
* * * LOW HITPOINT WARNING * * *
You are more poisoned.
The adder poisons you!
Okay, then.
* * * LOW HITPOINT WARNING * * *
You feel sick.
It was a potion of mutation.
You feel extremely strange.
Your vision blurs.
You feel weirdly uncertain.
Your vision sharpens.
You feel stronger.
You die...

#.#
#.#
#.#
#.#
###.##
#.†..#
#.####
#.#
#@#
#S#
#.#
#.#
#.#
#.#
#.#
..#
###


You could see an adder.

Vanquished Creatures
  2 dart slugs (D:1)
  A leopard gecko (D:2)
  2 hobgoblins (D:1)
  5 kobolds (D:1)
  2 frilled lizards (D:1)
  A rat (D:1)
13 creatures vanquished.

Notes
Turn   | Place    | Note
-------+----------+-------------------------------------------
     0 | D:1      | xccam the Centaur Hunter began the quest for the Orb.
     0 | D:1      | Reached XP level 1. HP: 17/17 MP: 1/1
   192 | D:1      | Reached XP level 2. HP: 20/24 MP: 2/2
   194 | D:1      | Reached skill level 6 in Bows
   719 | D:2      | HP: 1/24 [poisoned by an adder]
   720 | D:2      | Gained mutation: Scrolls take you a little longer to read.
                  | [potion of mutation]
   720 | D:2      | Gained mutation: You are occasionally teleported next to
                  | monsters. [potion of mutation]
   720 | D:2      | Lost mutation: Scrolls take you a little longer to read.
                  | [potion of mutation]
   720 | D:2      | Gained mutation: Your muscles are strong. (Str +2) [potion
                  | of mutation]
   720 | D:2      | Succumbed to an adder's poison

Skill      XL: |  1  2 |
---------------+-------+-----
Bows           | 6 |  6.3
Fighting       | |  2.0
Dodging        | |  1.3
Stealth        | |  0.4

Action                   || total
-------------------------++-------
Melee: Short sword       ||    19
       Kick              ||     2
 Fire: Shortbow          ||    20
  Use: Potion            ||     1
Armor: Leather armour    ||     3
Dodge: Dodged            ||     9
